 Dungeon Crawl Stone Soup version 0.20.0-15-g7f486f2 (webtiles) character file.

229 straycat the Sneak (level 5, -5/38 HPs)
             Began as a Vampire Gladiator on June 25, 2017.
             Slain by a gnoll
             ... wielding a +0 spear
              (8 damage)
             ... on level 4 of the Dungeon.
             The game lasted 00:10:05 (2654 turns).

straycat the Sneak (Vampire Gladiator)              Turns: 2654, Time: 00:10:06

Health: -5/38      AC:  5    Str: 13    XL:     5   Next: 71%
Magic:  5/5        EV: 14    Int: 10    God:
Gold:   142        SH:  0    Dex: 17    Spells: 4/4 levels left

rFire    . . .     SeeInvis +   a - +0 long sword
rCold    . . .     Gourm    .   (no shield)
rNeg     . . .     Faith    .   b - +0 leather armour
rPois    .         Spirit   .   c - +0 helmet
rElec    .         Reflect  .   k - +0 cloak
rCorr    .         Harm     .   (no gloves)
MR       .....                  (no boots)
Stlth    ++++......             (no amulet)
Regen    0.4/turn               (no ring)
MPRegen  0.1/turn               (no ring)

@: regenerating quickly
A: fangs 3, see invisible, unbreathing
a: no special abilities


You were on level 4 of the Dungeon.
You were full.

You visited 1 branch of the dungeon, and saw 4 of its levels.

You collected 142 gold pieces.

Inventory:

Hand Weapons
 a - a +0 long sword (weapon)
 z - a +2 flail of draining
Missiles
 d - 2 throwing nets
 i - 40 stones
 l - 61 sling bullets
 m - 31 arrows
 n - 27 poisoned needles
 x - 4 tomahawks (quivered)
 A - 17 bolts
Armour
 b - a +0 leather armour (worn)
 c - a +0 helmet (worn)
 k - a +0 cloak (worn)
Wands
 q - a wand of flame (22/48)
 v - a wand of lightning (3/15)
Scrolls
 f - 3 scrolls of identify {unknown}
 g - a scroll of fear {unknown}
 h - a scroll of fog {unknown}
 s - a scroll of teleportation {unknown}
 t - a scroll of amnesia {unknown}
 u - a scroll of enchant armour {unknown}
 w - a scroll of blinking {unknown}
 y - a scroll of immolation {unknown}
Potions
 e - 19 potions of blood
 j - a potion of might {unknown}
 o - 2 potions of haste {unknown}
 p - a potion of heal wounds {unknown}
 r - 3 potions of curing {unknown}


   Skills:
 - Level 1.7 Fighting
 - Level 3.0 Long Blades
 - Level 1.5 Throwing
 * Level 4.5 Dodging
 - Level 7.7 Stealth


You had 4 spell levels left.
You didn't know any spells.

Dungeon Overview and Level Annotations

Branches:
Dungeon (4/15)
 Temple: D:4-7

Altars:
Dithmenos
Gozag
Makhleb
Yredelemnul

Shops:
D:4 =


Innate Abilities, Weirdness & Mutations

Your natural rate of healing is unusually fast.
You have razor-sharp teeth.
You have supernaturally acute eyesight. (SInv)
You can survive without breathing.


Message History

You slash the iguana!
You kill the iguana!
The gnoll hits you from afar with a spear.
The gnoll hits you with a spear.
* * * LOW HITPOINT WARNING * * *
You completely miss the gnoll. The gnoll barely misses you. x2
The gnoll hits you but does no damage. The gnoll barely misses you.
You see here a green potion.
r - 3 green potions (gained 1) One of your 20 potions of blood rots away.
The gnoll misses you. The gnoll barely misses you.
You riposte.
You hit the gnoll.
The gnoll is heavily wounded.
You hit the gnoll but do no damage.
The gnoll is heavily wounded.
You closely miss the gnoll. The gnoll hits you with a flail!
* * * LOW HITPOINT WARNING * * *
The gnoll hits you with a spear!
You die...

#.# ##.).## #
#.## # ##'##
#.#..##.# #.#
#......#
#.########
###.####
##.#.......
#.#
##....######
#g# #.....#
#g#######....#
#g@...# ##.#.#
#####.####.#.#
#.[.....<#
######.### #.#
#.# #.# #>#
#.#


You could see 3 gnolls.

Vanquished Creatures
  An iguana (D:4)
  An orc wizard (D:3)
  Ijyb (D:3)
  5 gnolls
  3 adders
  An ooze (D:2)
  A worm (D:3)
  2 dart slugs
  A leopard gecko (D:1)
  5 orcs
  2 ball pythons
  A giant cockroach (D:2)
  10 goblins
  7 hobgoblins
  3 jackals (D:1)
  7 kobolds
  7 bats
  5 frilled lizards
  A leopard gecko skeleton (D:4)
  4 rats
68 creatures vanquished.

Notes
Turn   | Place    | Note
-------+----------+-------------------------------------------
     0 | D:1      | straycat the Vampire Gladiator began the quest for the Orb.
     0 | D:1      | Reached XP level 1. HP: 16/16 MP: 1/1
   100 | D:1      | Reached skill level 1 in Stealth
   149 | D:1      | Reached skill level 2 in Stealth
   156 | D:1      | Reached XP level 2. HP: 14/22 MP: 2/2
   186 | D:1      | Reached skill level 3 in Stealth
   402 | D:1      | Reached skill level 4 in Stealth
   602 | D:1      | Reached XP level 3. HP: 19/27 MP: 3/3
   882 | D:2      | Reached skill level 5 in Stealth
  1102 | D:2      | Found a burning altar of Makhleb.
  1122 | D:2      | Found a shadowy altar of Dithmenos.
  1428 | D:3      | Reached XP level 4. HP: 29/33 MP: 4/4
  1457 | D:3      | Reached skill level 6 in Stealth
  1597 | D:3      | Found a basalt altar of Yredelemnul.
  1616 | D:3      | Noticed Ijyb
  1627 | D:3      | Killed Ijyb
  1718 | D:3      | Reached skill level 7 in Stealth
  1718 | D:3      | Reached XP level 5. HP: 5/38 MP: 5/5
  2531 | D:4      | Found an opulent altar of Gozag.
  2552 | D:4      | Found Reidenij's Jewellery Shoppe.
  2654 | D:4      | Slain by a gnoll

Skill      XL: |  1  2  3  4  5 |
---------------+----------------+-----
Stealth        | 2 4 5 7 |  7.7
Dodging        | 4 |  4.5
Fighting       | |  1.7
Long Blades    | |  3.0
Throwing       | |  1.5

Action                   |  1- 3 |  4- 6 || total
-------------------------+-------+-------++-------
Melee: Long sword        |   133 |    90 ||   223
       Bite              |    13 |    14 ||    27
Throw: Stone             |     1 |       ||     1
       Throwing net      |     1 |       ||     1
  Use: Potion            |       |    10 ||    10
 Stab: Sleeping          |     3 |     1 ||     4
       Held in net/web   |     1 |       ||     1
  Eat: Corpse            |       |     2 ||     2
Armor: Leather armour    |    51 |    16 ||    67
Dodge: Dodged            |   100 |    83 ||   183
       Rpst.: Long sword |    30 |    27 ||    57
